 Dungeon Crawl Stone Soup version 0.25.0-9-g26727b657a (webtiles) character file.

Game seed: 16898939249274621251

406 HoaS the Twirler (level 6, -4/39 HPs)
             Began as a Gargoyle Gladiator on June 19, 2020.
             Slain by Menkaure (11 damage)
             ... on level 4 of the Dungeon.
             The game lasted 00:06:23 (2553 turns).

HoaS the Twirler (Gargoyle Gladiator)               Turns: 2553, Time: 00:06:24

Health: -4/39      AC: 15    Str: 21    XL:     6   Next: 87%
Magic:  6/6        EV:  9    Int:  9    God:
Gold:   229        SH:  0    Dex: 12    Spells: 5/5 levels left

rFire    . . .     SeeInvis .   a - +0 quarterstaff
rCold    + . .     Gourm    .   (shield currently unavailable)
rNeg     + . .     Faith    .   r - +0 chain mail (curse)
rPois    ∞         Spirit   .   c - +1 helmet
rElec    +         Reflect  .   (no cloak)
rCorr    .         Harm     .   (no gloves)
MR       +....                  (no boots)
Stlth    ..........             (no amulet)
HPRegen  0.13/turn              g - ring of protection from magic
MPRegen  0.10/turn              j - ring of the Octopus King {rC+ AC+1 EV+1 Str+1 Int+1 Dex+1}

@: no status effects
A: negative energy resistance 1, electricity resistance, unbreathing,
petrification resistance, rot immunity, AC +4
a: no special abilities


You were on level 4 of the Dungeon.
You were not hungry.

You visited 1 branch of the dungeon, and saw 4 of its levels.

You collected 229 gold pieces.

Inventory:

Hand Weapons
 a - a +0 quarterstaff (weapon)
Missiles
 d - 2 throwing nets (quivered)
 o - 2 boomerangs
Armour
 c - a +1 helmet (worn)
 p - a +0 kite shield
 r - a cursed +0 chain mail (worn)
Jewellery
 g - a ring of protection from magic (left hand)
 j - a ring of the Octopus King (right hand) {rC+ AC+1 EV+1 Str+1 Int+1 Dex+1}
   (You found it on level 4 of the Dungeon)

   [ring of protection from cold]

   It affects your AC (+1).
   It affects your evasion (+1).
   It affects your strength (+1).
   It affects your intelligence (+1).
   It affects your dexterity (+1).
   It protects you from cold.
 m - an uncursed ring of wizardry {unknown}
Scrolls
 k - 4 scrolls of enchant armour
Potions
 b - 2 potions of ambrosia {unknown}
 e - 3 potions of brilliance {unknown}
 h - 2 potions of curing {unknown}
 i - a potion of berserk rage {unknown}
 l - a potion of lignification {unknown}
 q - a potion of resistance {unknown}
Comestibles
 f - 7 rations
 n - 9 chunks of flesh


   Skills:
 + Level 4.7 Fighting
 * Level 6.3 Staves
 - Level 1.7 Throwing
 - Level 2.4 Dodging


You had 5 spell levels left.
You didn't know any spells.
Your spell library was empty.

Dungeon Overview and Level Annotations

Branches:
Dungeon (4/15)
 Temple: D:4-7

Altars:

Annotations:
D:4 Menkaure


Innate Abilities, Weirdness & Mutations

You are resistant to torment.
Your stone body is resilient. (AC +4)
You are immune to poison.
You resist negative energy. (rN+)
You are resistant to electric shocks. (rElec)
You can survive without breathing.
You are immune to petrification.
You are immune to rotting.


Message History

You see here a hound skeleton.
Menkaure, Prince of Dust comes into view.
That item cannot be evoked!
Unknown command.
You aren't carrying any items that you can evoke.
Menkaure shouts!
Menkaure calls on the powers of darkness!
Your body is wracked with pain!
Menkaure calls on the powers of darkness!
Your body is wracked with pain!
Menkaure gestures at you while chanting.
You resist with some effort.
Found a hand axe.
Menkaure hits you!
* * * LOW HITPOINT WARNING * * *
You completely miss Menkaure. You hit Menkaure.
Menkaure is moderately damaged.
Menkaure hits you!
You die...

###.#*#.#####.#....######********
....#*.............#
#####*..#.....#..÷.# #
*,.#.######.#.###### #
*,,*,*#....#.......# #
*****,,,###.#.####.#
##########**,# #.#.# *,*
##.#.#.#.###.# #.#.# *>*
...........#.# #@#.# *,*
.#.#.#.#.#.#.###M#.#***,*
##########..........,,,,* .######
##.........#,,,,* ###.#.#
#......#.###,**,*
#.#.###.####.#.# *,**,*
#.....#.####.#)# *,**,*
#####.#.....##,#.# *,**,*
))........#.#,,,,* *,**,*


You could see Menkaure.

Vanquished Creatures
  Edmund (D:4)
  A hound (D:4)
  Terence (D:3)
  3 orc wizards
  3 gnolls (D:3)
  2 adders (D:4)
  An ooze (D:1)
  4 worms (D:2)
  5 dart slugs
  5 leopard geckos
  5 orcs
  4 giant cockroaches
  11 goblins
  9 hobgoblins
  4 jackals (D:4)
  2 ball pythons (D:2)
  7 bats
  5 frilled lizards
  7 kobolds
  8 rats
88 creatures vanquished.

Notes
Turn   | Place    | Note
-------+----------+-------------------------------------------
     0 | D:1      | HoaS the Gargoyle Gladiator began the quest for the Orb.
     0 | D:1      | Reached XP level 1. HP: 12/12 MP: 1/1
    93 | D:1      | Reached XP level 2. HP: 14/18 MP: 2/2
   286 | D:1      | Reached XP level 3. HP: 19/22 MP: 3/3
   698 | D:2      | Reached skill level 4 in Staves
   906 | D:2      | Reached XP level 4. HP: 28/28 MP: 4/4
  1397 | D:3      | Noticed Terence
  1407 | D:3      | Killed Terence
  1614 | D:3      | Reached XP level 5. HP: 31/32 MP: 5/5
  1856 | D:3      | Reached skill level 5 in Staves
  2053 | D:4      | Found the ring of the Octopus King
  2058 | D:4      | Got a ring of the Octopus King
  2089 | D:4      | Identified a ring of the Octopus King {rC+ AC+1 EV+1 Str+1
                  | Int+1 Dex+1} (You found it on level 4 of the Dungeon)
  2174 | D:4      | Noticed Edmund
  2210 | D:4      | Killed Edmund
  2210 | D:4      | Reached skill level 6 in Staves
  2210 | D:4      | Reached XP level 6. HP: 22/39 MP: 6/6
  2544 | D:4      | Noticed Menkaure
  2553 | D:4      | Slain by Menkaure

Illustrated notes

Levels and vault maps discovered:
D:1:      wander_arrival_estate, layout_basic
D:2:      minmay_evil_eye, layout_basic, first_ration,
          ebering_dispersal_statue_hall
D:3:      layout_basic, uniq_terence
D:4:      layout_loops_ring, grunt_decor_cap, minmay_misc_feat_hallway,
          uniq_menkaure, uniq_edmund

Skill      XL: |  1  2  3  4  5 |
---------------+----------------+-----
Fighting       | 3 4 |  4.7
Staves         | 4 6 |  6.3
Throwing       | |  1.7
Dodging        | |  2.4

Action                   |  1- 3 |  4- 6 || total
-------------------------+-------+-------++-------
Melee: Quarterstaff      |   108 |   188 ||   296
Throw: Throwing net      |       |     4 ||     4
  Use: Scroll            |       |     7 ||     7
 Stab: Held in net/web   |       |     2 ||     2
  Eat: Chunk             |       |     6 ||     6
Armor: Leather armour    |    15 |       ||    15
       Scale mail        |    37 |    40 ||    77
       Chain mail        |       |    62 ||    62
Dodge: Dodged            |    56 |    84 ||   140
